 Dungeon Crawl Stone Soup version 0.30-a0-743-gbfdf073431 (webtiles) character file.

Game seed: 5225947700881688420

91 Lavandula the Slasher (level 4, -2/35 HPs)
             Began as a Human Monk on Feb 6, 2023.
             Was a Believer of Elyvilon.
             Slain by an orc priest
             ... wielding a +0 flail
              (8 damage)
             ... on level 4 of the Dungeon.
             The game lasted 00:04:04 (3623 turns).

Lavandula the Slasher (Human Monk)                  Turns: 3623, Time: 00:04:05

Health: -2/35      AC:  6    Str: 12    XL:     4   Next: 88%
Magic:  4/4        EV: 11    Int: 10    God:    Elyvilon [**....]
Gold:   163        SH:  0    Dex: 17    Spells: 3/3 levels left

rFire   . . .      SeeInvis .    q - +0 long sword
rCold   . . .      Faith    .    (no shield)
rNeg    . . .      Spirit   .    t - +0 ring mail
rPois   .          Reflect  .    (no helmet)
rElec   .          Harm     .    (no cloak)
rCorr   .          Rampage  .    h - +0 pair of gloves
Will    .....                    (no boots) Stlth
                                 (no amulet)
HPRegen 0.25/turn                (no ring)
MPRegen 0.09/turn                (no ring)

@: confused, ambrosia-drunk
A: no striking features
a: Renounce Religion, Purification, Heal Other


You were on level 4 of the Dungeon.
You worshipped Elyvilon.
Elyvilon was pleased with you.
You visited 2 branches of the dungeon, and saw 5 of its levels.

You collected 196 gold pieces.
You spent 33 gold pieces at shops.

Inventory:

Hand Weapons
 a - a +0 falchion
 q - a +0 long sword (weapon)
 u - the +6 flail "Gohogeti" {elec, Drain rElec MP+9}
   (You found it on level 3 of the Dungeon)

   rElec:     It insulates you from electricity.
   MP:        It affects your magic capacity (+9).
   Drain:     It drains your maximum health when unequipped.
Armour
 b - a +0 robe
 h - a +0 pair of gloves (worn)
 n - a +0 kite shield
 r - a +0 buckler
 t - a +0 ring mail (worn)
Scrolls
 i - a scroll of magic mapping {unknown}
 j - 2 scrolls of identify {unknown}
 l - 2 scrolls of noise {unknown}
 s - 2 scrolls of fog {unknown}
 v - a scroll of amnesia {unknown}
Potions
 d - a potion of brilliance {unknown}
 e - 3 potions of flight {unknown}
 f - a potion of attraction {unknown}
 g - a potion of degeneration {unknown}
 k - 2 potions of heal wounds {unknown}
 m - 2 potions of curing {unknown}
 o - a potion of lignification
 p - 3 potions of haste {unknown}


   Skills:
 - Level 3.0 Fighting
 - Level 5.0 Long Blades
 + Level 1.1 Maces & Flails
 - Level 3.0 Dodging
 - Level 2.0 Stealth


You had 3 spell levels left.
You didn't know any spells.
Your spell library contained the following spells:

 Spells                   Type           Power      Damage    Failure   Level
 Summon Small Mammal      Summ           0%         N/A       65%         1
 Call Canine Familiar     Summ           0%         N/A       95%         3
 Summon Guardian Golem    Hex/Summ       0%         N/A       95%         3


Dungeon Overview and Level Annotations

Branches:
Dungeon (4/15)             Temple (1/1) D:4

Altars:
Ashenzari
Elyvilon
Makhleb
Ru
Sif Muna
Uskayaw
Wu Jian
Yredelemnul
The Shining One

Shops:
D:1 !

Annotations:
D:4 1 runed translucent door, Crazy Yiuf


Message History

The orc priest looks encouraged for a moment.
You slash the orc priest!
The orc priest is almost dead.
The orc hits you with a +0 club.
The orc priest hits you with a +0 flail.
You closely miss the orc priest.
The orc priest is almost dead.
The orc barely misses you.
The orc priest hits you with a +0 flail.
* * * LOW HITPOINT WARNING * * *
You completely miss the orc priest.
The orc priest is almost dead.
The orc priest casts a cantrip, but nothing happens.
The orc hits you but does no damage.
You closely miss the orc priest.
The orc priest is almost dead.
The orc barely misses you. The orc priest barely misses you.
The orc priest closely misses you. The orc barely misses you.
You barely miss the orc priest.
The orc priest is almost dead.
The orc priest hits you but does no damage.
The orc barely misses you.
You hit the orc priest but do no damage.
The orc priest is almost dead.
The orc hits you with a +0 club.
* * * LOW HITPOINT WARNING * * *
The orc priest hits you but does no damage.
You barely miss the orc priest.
The orc priest is almost dead.
The orc hits you with a +0 club.
* * * LOW HITPOINT WARNING * * *
The orc priest invokes the aid of Beogh against you.
Beogh smites you! Elyvilon protects you from harm!
Okay, then.
Okay, then.
You are confused.
You feel invigorated.
The orc priest hits you with a +0 flail!
You die...

#.# #.# #.# #.# #.# #.#
#.# #.# #.# #.#
################.######.#
....................>##.#
################.###.##.#
#@###.##.#
################oo..(.#.#
.............o.)o.......#
####################..###
#.. ..# #..# #.# #.# #..#
#.# #.# #..# #.# #.# #..#
#######.###.#######..#


You could see an orc priest and 2 orcs.

Vanquished Creatures
  3 adders
  2 worms
  3 dart slugs
  3 orcs (D:4)
  3 endoplasms (D:1)
  A giant cockroach (D:2)
  7 goblins
  8 hobgoblins
  3 kobolds (D:1)
  A quokka (D:2)
  4 ball pythons (D:1)
  3 bats
  4 frilled lizards
  5 rats
50 creatures vanquished.

Vanquished Creatures (others)
  10 plants (D:2)
10 creatures vanquished.

Grand Total: 60 creatures vanquished

Notes
Turn   | Place    | Note
-------+----------+-------------------------------------------
     0 | D:1      | Lavandula the Human Monk began the quest for the Orb.
     0 | D:1      | Reached XP level 1. HP: 18/18 MP: 1/1
    63 | D:1      | Found Luonib's Distillery.
   202 | D:1      | Reached XP level 2. HP: 15/24 MP: 2/2
   313 | D:1      | Found a faded altar of an unknown god.
   661 | D:1      | Reached skill level 4 in Long Blades
   661 | D:1      | Reached XP level 3. HP: 24/29 MP: 3/3
  1563 | D:2      | Reached XP level 4. HP: 9/35 MP: 4/4
  1762 | D:1      | Bought a potion of lignification for 33 gold pieces
  2357 | D:3      | Reached skill level 5 in Long Blades
  2611 | D:3      | Identified the +6 flail "Gohogeti" {elec, Drain rElec MP+9}
  2892 | D:3      | Found a burning altar of Makhleb.
  3168 | D:4      | Found a staircase to the Ecumenical Temple.
  3196 | Temple   | Entered the Ecumenical Temple
  3289 | Temple   | Became a worshipper of Elyvilon the Healer
  3289 | Temple   | Reached * piety under Elyvilon
  3289 | Temple   | Reached ** piety under Elyvilon
  3394 | D:4      | Found a runed translucent door.
  3395 | D:4      | Noticed Crazy Yiuf
  3575 | D:4      | Reached skill level 1 in Maces & Flails
  3622 | D:4      | Elyvilon protects you from harm!
  3623 | D:4      | Slain by an orc priest

Illustrated notes

Levels and vault maps discovered:
D:1:      psy_arrival_terrarium, layout_loops_corners,
          ebering_ecumenical_altar_ruins, serial_shops,
          nicolae_shop_temple_entry_statues_fountains, minmay_quantized
D:2:      layout_loops_ring, serial_forest, infiniplex_forest_3_way,
          infiniplex_forest_lined_1, infiniplex_forest_clump_long,
          infiniplex_forest_end_double, infiniplex_forest_clump_curved,
          infiniplex_forest_straight_3, infiniplex_forest_lined_ring,
          infiniplex_forest_clump_tiny, kennysheep_doodads,
          kennysheep_generic_room_7
D:3:      layout_basic, lightli_temple_of_fire, small_statue_intersection,
          kennysheep_generic_room_14
D:4:      layout_basic, slow_altar_2, temple_pool_b, ebering_ghost_sewer_d,
          uniq_crazy_yiuf_cottage
Temple:   dpeg_chambers_temple

Skill      XL: |  1  2  3  4 |
---------------+-------------+-----
Long Blades    | 4 5 |  5.0
Maces & Flails | 1 |  1.1
Fighting       | |  3.0
Dodging        | |  3.0
Stealth        | |  2.0

Action                     |  1- 3 |  4- 6 || total
---------------------------+-------+-------++-------
  Melee: Falchion          |   113 |     9 ||   122
         Long sword        |       |    62 ||    62
    Use: Potion            |       |     1 ||     1
   Stab: Sleeping          |     2 |     1 ||     3
 Armour: Robe              |    15 |     9 ||    24
         Ring mail         |       |    11 ||    11
  Dodge: Dodged            |    75 |    49 ||   124

Table legend: (Time is in decaauts)
 A = Elapsed time spent in this place.
 B = Non-inter-level travel time spent in this place.
 C = Inter-level travel time spent in this place.
 D = Time resting spent in this place.
 E = Time spent auto-exploring this place.
 F = Levels seen in this place.
 G = Mean time per level.
                   A        B        C        D        E       F      G
               +--------+--------+--------+--------+--------+-----+--------+
         Total |   3651 |   3413 |    238 |    224 |   2574 |   5 |  730.2 |
       Dungeon |   3530 |   3320 |    210 |    224 |   2499 |   4 |  882.5 |
        Temple |    120 |     93 |     27 |      0 |     75 |   1 |  120.0 |
               +--------+--------+--------+--------+--------+-----+--------+

Top non-repeatable levels by time:
     D:1: 1121 daAuts
     D:2: 1098 daAuts
     D:3: 849 daAuts
     D:4: 460 daAuts
  Temple: 120 daAuts
